 Dungeon Sprint DCSS version 0.31-a0-879-g1609e0ac53 (webtiles) character file.

Game seed: 6145996812322892940

802 rocky1 the Carver (level 7, -5/57 HPs)
             Began as a Demonspawn Gladiator on Oct 15, 2023.
             Was a Follower of Qazlal.
             Slain by a neqoxec (7 damage)
             ... in the Dungeon (Sprint II: "The Violet Keep of Menkaure").
             The game lasted 00:02:00 (152 turns).

rocky1 the Carver (Demonspawn Gladiator)             Turns: 152, Time: 00:02:00

Health: -5/57      AC:  3    Str: 14      XL:     7   Next: 59%
Magic:  8/10       EV: 16    Int:  7 (8)  God:    Qazlal [*.....]
Gold:   243        SH:  7    Dex: 16      Spells: 6/6 levels left

rFire   . . .        a - +0 long sword
rCold   . . .        (no shield)
rNeg    . . .        b - +0 leather armour
rPois   .            c - +0 helmet
rElec   .            (no cloak)
rCorr   .            (no gloves)
SInv    .            (no boots)
Will    .....        (no amulet)
Stlth   +            (no ring)
HPRegen 0.29/turn    (no ring)
MPRegen 0.12/turn

%: no teleportation
@: no status effects
A: large bone plates 2, foul stench 2, demonic touch 2, deformed body, dopey 1,
inability to drink after injury 2, inability to read after injury 2, devolution
1
a: Renounce Religion


You were in the Dungeon.
You worshipped Qazlal.
Qazlal was aware of your devotion.
You visited 1 branch You collected 243 gold pieces.

Inventory:

Hand Weapons
 a - a +0 long sword (weapon)
Missiles
 d - 3 throwing nets (quivered)
 e - a javelin
Armour
 b - a +0 leather armour (worn)
 c - a +0 helmet (worn)
Scrolls
 k - a scroll of blinking
Potions
 f - a potion of curing
 i - 2 potions of magic


   Skills:
 + Level 5.9 Fighting
 + Level 9.9 Long Blades
 - Level 4.7 Throwing
 * Level 3.1 Armour
 + Level 9.2 Dodging
 + Level 0.3 Shields
 * Level 5.2 Invocations


You had 6 spell levels left.
You didn't know any spells.
Your spell library was empty.

Dungeon Overview and Level Annotations

Branches:
Dungeon (1/1)

Altars:
Cheibriados
Dithmenos
Fedhas
Gozag
Hepliaklqana
Kikubaaqudgha
Makhleb
Nemelex Xobeh
Okawaru
Qazlal
Ru
Sif Muna
Trog
Uskayaw
Vehumet
Wu Jian
Xom
Yredelemnul
Jiyva
Lugonu


Innate Abilities, Weirdness & Mutations

You are mostly covered in large bone plates. (SH +6)
You sometimes emit foul miasma when damaged in melee.
Your touch may inflict irresistible damage on your foes.
Armour fits poorly on your strangely shaped body.
You are dopey. (Int -2)
You sometimes lose the ability to drink potions when taking damage.
You sometimes lose the ability to read scrolls when taking damage.
You have hidden genetic defects.


Message History

The neqoxec gestures at you.
Strange energies course through your body.
Your body twists and deforms.
The neqoxec hits you!
You slash the neqoxec!
The neqoxec is severely wounded.
You block the neqoxec's attack. The neqoxec hits you!
* * * LOW HITPOINT WARNING * * *
You closely miss the neqoxec. Your touch misses the neqoxec.
The neqoxec is severely wounded.
The neqoxec closely misses you. The neqoxec gestures at you.
Something tries to feed on your intellect!
You barely miss the neqoxec.
The neqoxec is severely wounded.
The neqoxec closely misses you. The neqoxec hits you!
* * * LOW HITPOINT WARNING * * *
You emit a cloud of foul miasma!
You slash the neqoxec!
The neqoxec is almost dead.
The neqoxec misses you. The neqoxec closely misses you.
You hit the neqoxec but do no damage.
You touch the neqoxec.
You kill the neqoxec!
Qazlal accepts your kill. The neqoxec gestures at you.
Strange energies course through your body.
You lose the ability to drink potions when taking damage more often.
You feel your intelligence returning.
Your Armour skill increases to level 3!
Your Dodging skill increases to level 9!
Your Invocations skill gained 2 levels and is now at level 5!
Unknown command.
You slash the neqoxec!
You touch the neqoxec!
The neqoxec is almost dead.
The neqoxec misses you.
You feel a genetic drift.
You lose the ability to read scrolls when taking damage more often.
You hit the neqoxec but do no damage.
The neqoxec is almost dead.
The neqoxec hits you!
You die...

.#### .### ...# ...#
###..## #..#
#+###.##..# +..#
##.##...#..# #..#
+.<.')#.'..####..##.
##.##...#....###...#
##3###.##......~~~~~
#.$@####~~.....~#'##
#.##..#~~~~~~~.§~#...
## ####§§~~~~~~.~#...
#~~~≈§≈~~~~~#...
~~~~§§§§≈§~~§#.._
+++#§≈§§§≈≈≈~#._.
##≈≈≈###≈≈#_._
#≈≈#._. #§≈#_._


You could see a neqoxec.

Vanquished Creatures
  A merfolk siren (D)
  3 neqoxecs (D)
  A water moccasin (D)
5 creatures vanquished.

Notes
Turn   | Place    | Note
-------+----------+-------------------------------------------
     0 | D        | rocky1 the Demonspawn Gladiator began the quest for the
                  | Orb.
     0 | D        | Reached XP level 1. HP: 16/16 MP: 1/1
     1 | D        | Noticed a merfolk siren
     8 | D        | Killed a merfolk siren
     9 | D        | Gained mutation: You are partially covered in large bone
                  | plates. (SH +4) [demonic ancestry]
     9 | D        | Reached XP level 2. HP: 26/26 MP: 2/2
     9 | D        | Gained mutation: You may rarely emit foul miasma when
                  | damaged in melee. [demonic ancestry]
     9 | D        | Reached XP level 3. HP: 32/32 MP: 3/3
     9 | D        | Gained mutation: You are mostly covered in large bone
                  | plates. (SH +6) [demonic ancestry]
     9 | D        | Reached XP level 4. HP: 38/38 MP: 4/4
     9 | D        | Gained mutation: Your touch may inflict minor irresistible
                  | damage on your foes. [demonic ancestry]
     9 | D        | Reached XP level 5. HP: 43/43 MP: 5/5
     9 | D        | Gained mutation: You sometimes emit foul miasma when
                  | damaged in melee. [demonic ancestry]
     9 | D        | Reached XP level 6. HP: 50/50 MP: 6/6
    54 | D        | Noticed a water moccasin
    59 | D        | Killed a water moccasin
    60 | D        | Reached skill level 5 in Fighting
    64 | D        | Found a blossoming altar of Fedhas.
    66 | D        | Found a shadowy altar of Dithmenos.
    66 | D        | Found a corrupted altar of Lugonu.
    66 | D        | Found an opulent altar of Gozag.
    66 | D        | Found a burning altar of Makhleb.
    67 | D        | Found a snail-covered altar of Cheibriados.
    67 | D        | Found an ancient bone altar of Kikubaaqudgha.
    67 | D        | Found a bloodstained altar of Trog.
    68 | D        | Found a viscous altar of Jiyva.
    68 | D        | Found a shimmering blue altar of Sif Muna.
    69 | D        | Found a hazy altar of Hepliaklqana.
    69 | D        | Found a sacrificial altar of Ru.
    70 | D        | Found a shimmering altar of Xom.
    71 | D        | Found a stormy altar of Qazlal.
    71 | D        | Found an ornate altar of the Wu Jian Council.
    71 | D        | Found a sparkling altar of Nemelex Xobeh.
    71 | D        | Found a hide-covered altar of Uskayaw.
    71 | D        | Found a basalt altar of Yredelemnul.
    72 | D        | Found a radiant altar of Vehumet.
    72 | D        | Found an iron altar of Okawaru.
    80 | D        | Noticed a water moccasin
    80 | D        | Noticed a water moccasin
    84 | D        | Noticed a water moccasin
    86 | D        | Became a worshipper of Qazlal Stormbringer
   115 | D        | Noticed a neqoxec
   115 | D        | Noticed a neqoxec
   115 | D        | Noticed a neqoxec
   115 | D        | Noticed a neqoxec
   127 | D        | Killed a neqoxec
   128 | D        | Reached skill level 1 in Armour
   128 | D        | Gained mutation: Your touch may inflict irresistible damage
                  | on your foes. [demonic ancestry]
   128 | D        | Reached XP level 7. HP: 38/56 MP: 6/9
   129 | D        | Gained mutation: You are dopey. (Int -2) [a neqoxec]
   136 | D        | Gained mutation: You have hidden genetic defects. [a
                  | neqoxec]
   138 | D        | Killed a neqoxec
   138 | D        | Reached * piety under Qazlal
   140 | D        | Gained mutation: You occasionally lose the ability to read
                  | scrolls when taking damage. [a neqoxec]
   144 | D        | Gained mutation: You occasionally lose the ability to drink
                  | potions when taking damage. [a neqoxec]
   145 | D        | Gained mutation: Armour fits poorly on your strangely
                  | shaped body. [a neqoxec]
   148 | D        | HP: 1/57 [neqoxec (7)]
   150 | D        | Killed a neqoxec
   150 | D        | Gained mutation: You sometimes lose the ability to drink
                  | potions when taking damage. [a neqoxec]
   151 | D        | Reached skill level 5 in Invocations
   151 | D        | Gained mutation: You sometimes lose the ability to read
                  | scrolls when taking damage. [hidden defects]
   152 | D        | Slain by a neqoxec

Illustrated notes

Levels and vault maps discovered:
D:        the_violet_keep_of_menkaure [sprint2_stairs_cluster_1,
          sprint2_shoproom, sprint2_temple, sprint2_basic_supplies,
          sprint2_obstacle_3, sprint2_obstacle_6, sprint2_obstacle_7,
          sprint2_obstacle_4, sprint2_obstacle_2, sprint2_timed_cluster_1,
          sprint2_smallroom_cluster_1, sprint2_smallroom_final_cluster_1,
          sprint2_transparent_cluster_1, sprint2_second_timed_cluster_1,
          sprint2_sniper_area_1, sprint2_heavy_combat_area_1,
          sprint2_mutation_trap_area_1, sprint2_forest_area_1,
          sprint2_light_combat_area_1, sprint2_behind_water_1,
          sprint2_near_end_vault_1]

Skill      XL: |  1  2  3  4  5  6  7 |
---------------+----------------------+-----
Fighting       | 4 5 |  5.9
Long Blades    | 8 9 |  9.9
Throwing       | 4 |  4.7
Dodging        | 7 8 9 |  9.2
Armour         | 1 3 |  3.1
Invocations    | 2 5 |  5.2
Shields        | |  0.3

Action                     |  1- 3 |  4- 6 |  7- 9 || total
---------------------------+-------+-------+-------++-------
  Melee: Long sword        |     2 |    17 |    22 ||    41
         Punch             |     1 |       |     1 ||     2
         Touch             |       |     4 |     5 ||     9
  Throw: Throwing net      |     1 |       |       ||     1
    Use: Potion            |     2 |       |     1 ||     3
 Armour: Leather armour    |       |     5 |    10 ||    15
  Dodge: Dodged            |       |     5 |    13 ||    18
  Block: Other             |       |     2 |     3 ||     5

Table legend: (Time is in decaauts)
 A = Elapsed time spent in this place.
 B = Non-inter-level travel time spent in this place.
 C = Inter-level travel time spent in this place.
 D = Time resting spent in this place.
 E = Time spent auto-exploring this place.
 F = Levels seen in this place.
 G = Mean time per level.
                   A        B        C        D        E       F      G
               +--------+--------+--------+--------+--------+-----+--------+
         Total |    145 |    145 |      0 |     33 |      0 |   1 |  145.0 |
       Dungeon |    145 |    145 |      0 |     33 |      0 |   1 |  145.0 |
               +--------+--------+--------+--------+--------+-----+--------+

Top non-repeatable levels by time:
       D: 145 daAuts
